 Dungeon Crawl Stone Soup version 0.20.0-4-g10b340a (webtiles) character file.

19 Monsterracer the Caller (level 2, -26/15 HPs)
             Began as a Tengu Summoner on May 27, 2017.
             Engulfed by a cloud of flame (28 damage)
             ... on level 2 of the Dungeon.
             The game lasted 00:02:32 (1464 turns).

Monsterracer the Caller (Tengu Summoner)            Turns: 1464, Time: 00:02:32

Health: -26/15     AC:  3    Str:  5 (8)  XL:     2   Next: 75%
Magic:  6/6        EV: 12    Int: 12 (15) God:
Gold:   44         SH:  0    Dex: 13 (14) Spells: 3/6 levels left

rFire    . . .     SeeInvis .   k - +2 mace (crush)
rCold    . . .     Gourm    .   (no shield)
rNeg     . . .     Faith    .   a - +0 robe
rPois    .         Spirit   .   (helmet restricted)
rElec    .         Reflect  .   f - +0 cloak
rCorr    .         Harm     .   (no gloves)
MR       .....     Rnd*Tele +   (boots unavailable)
Stlth    ++........             (no amulet)
Regen    0.1/turn               e - ring of teleportation (curse)
MPRegen  0.1/turn               (no ring)

@: very slightly contaminated
A: beak, talons 3
a: no special abilities


You were on level 2 of the Dungeon.
You were hungry.

You visited 1 branch of the dungeon, and saw 2 of its levels.

You collected 44 gold pieces.

Inventory:

Hand Weapons
 k - a +2 mace of crushing (weapon)
Armour
 a - a +0 robe (worn)
 f - a +0 cloak (worn)
Jewellery
 e - a cursed ring of teleportation (left hand)
Scrolls
 d - a scroll of blinking
Potions
 h - a potion of resistance
Books
 b - a book of Callings

   Spells                             Type                      Level
   a - Summon Small Mammal            Summoning                    1
   b - Call Imp                       Summoning                    2
   c - Call Canine Familiar           Summoning                    3
   d - Summon Guardian Golem          Hexes/Summoning              3
   e - Summon Lightning Spire         Summoning/Air                4
   f - Summon Ice Beast               Ice/Summoning                4
Comestibles
 c - 3 bread rations


   Skills:
 - Level 2.1 Dodging
 - Level 2.0 Stealth
 + Level 2.6 Spellcasting
 + Level 5.1 Summonings


You had 3 spell levels left.
You knew the following spells:

 Your Spells              Type           Power        Failure   Level  Hunger
a - Summon Small Mammal   Summ           ##..         3%          1    #......
b - Call Imp              Summ           ##......     4%          2    ###....


Dungeon Overview and Level Annotations

Branches:
Dungeon (2/15)

Altars:


Innate Abilities, Weirdness & Mutations

You have a beak for a mouth.
You have claws for feet.


Message History

You feel a little less mighty now.
Your surroundings suddenly seem different.
Found 17 stones, a ring of teleportation and 14 gold pieces.
Found a stone staircase leading up.
A bat comes into view.
As you read the scroll labeled MOILEU VUFFAUH, it crumbles to dust.
The creatures around you are filled with an inner flame!
It was a scroll of immolation.
Okay, then.
An adder comes into view.
Found 30 sling bullets.
The helpless bat fails to defend itself.
You hit the bat.
The bat explodes!
The fiery explosion engulfs you!
Ouch! That really hurt!
* * * LOW HITPOINT WARNING * * *
You are engulfed in blazing flames.
Ouch! That really hurt!
You die...

...........
#........#
............#
.......
#...........#
.......
##..........#
.. ..........#
..
(###.....%..##
..
.....$.......#
..
#..........#
..
#..§§@.....#
..
#...§§.....#
..
.......§=....#
..
............<#
..
S..........###
..
.........###
.. .........#
.. .........#
..


You could see an adder (sleeping).

Vanquished Creatures
  A worm (D:2)
  A leopard gecko (D:1)
  A giant cockroach (D:1)
  A goblin (D:2)
  A hobgoblin (D:2)
  4 bats
  A kobold (D:1)
  A rat (D:1)
11 creatures vanquished.

Vanquished Creatures (collateral kills)
  A worm (D:2)
  A bat (D:1)
  A goblin (D:2)
  2 hobgoblins
  A kobold (D:2)
  A rat (D:2)
7 creatures vanquished.

Grand Total: 18 creatures vanquished

Notes
Turn   | Place    | Note
-------+----------+-------------------------------------------
     0 | D:1      | Monsterracer the Tengu Summoner began the quest for the Orb.
     0 | D:1      | Reached XP level 1. HP: 10/10 MP: 4/4
   485 | D:1      | Reached skill level 5 in Summonings
   680 | D:1      | Reached XP level 2. HP: 15/15 MP: 3/6
   684 | D:1      | Learned a level 2 spell: Call Imp
  1464 | D:2      | Engulfed by a cloud of flame

Skill      XL: |  1 |
---------------+----+-----
Summonings     | 5 |  5.1
Dodging        | |  2.1
Stealth        | |  2.0
Spellcasting   | |  2.6

Action                   || total
-------------------------++-------
Melee: Unarmed           ||    23
       Club              ||    39
       Kick              ||    22
       Peck              ||     4
       Mace              ||     1
       Hand axe          ||     1
 Cast: Summon Small Mamm ||     8
       Call Imp          ||    10
  Use: Potion            ||     4
       Scroll            ||     3
 Stab: Sleeping          ||     4
  Eat: Chunk             ||     2
Armor: Robe              ||    24
Dodge: Dodged            ||    66
